 Dungeon Crawl Stone Soup version 0.25.0-11-g1f837a76a1 (webtiles) character file.

Game seed: 18028231506144822445

26525 Aviak the Fighter (level 12, -18/148 HPs)
             Began as a Demonspawn Ice Elementalist on June 24, 2020.
             Was an Elder of Vehumet.
             Killed from afar by a raiju (23 damage)
             ... with a living lightning
             ... on level 3 of the Abyss.
             The game lasted 00:34:02 (18180 turns).

Aviak the Fighter (Demonspawn Ice Elementalist)    Turns: 18180, Time: 00:34:03

Health: -18/148    AC: 26    Str: 15    XL:     12   Next: 99%
Magic:  1/24       EV:  2    Int: 22    God:    Vehumet [****..]
Gold:   733        SH:  7    Dex: 13    Spells: 8/24 levels left

rFire    . . .     SeeInvis .   n - +3 dagger (venom)
rCold    . . .     Gourm    .   F - -3 buckler "Plog" {rN+ MR+ Dex-2}
rNeg     + + +     Faith    .   (armour currently unavailable)
rPois    +         Spirit   .   (helmet currently unavailable)
rElec    .         Reflect  +   (cloak currently unavailable)
rCorr    .         Harm     .   (gloves currently unavailable)
MR       +....     NoTele   +   (boots unavailable)
Stlth    ++++......             p - amulet of reflection
HPRegen  0.00/turn              B - +6 ring of strength
MPRegen  0.19/turn              (no ring)

@: tree-form, frozen ramparts, non-regenerating, diseased
A: agile 1, high mp 1, nightstalker 2
a: Renounce Religion


You were on level 3 of the Abyss.
You worshipped Vehumet.
Vehumet was greatly pleased with you.
You were full.
You were a tree.
You visited 3 branches of the dungeon, and saw 16 of its levels.
You visited the Abyss 1 time.
You also visited: Ossuary.

You collected 733 gold pieces.

Inventory:

Hand Weapons
 k - a +0 dagger of draining
 n - a +3 dagger of venom (weapon)
Armour
 a - a +0 robe
 b - a +1 leather armour of fire resistance (melded)
 F - the -3 buckler "Plog" (worn) {rN+ MR+ Dex-2}
   (You found it on level 10 of the Dungeon)

   It affects your dexterity (-2).
   It protects you from negative energy.
   It affects your resistance to hostile enchantments.
 J - a +0 leather armour of cold resistance
 M - a cursed +0 kite shield
Magical Staves
 L - an uncursed staff of cold {rC+}
Jewellery
 p - an amulet of reflection (around neck)
 B - a +6 ring of strength (left branch)
 C - an uncursed ring of fire
Wands
 j - a wand of enslavement (12)
 I - a wand of clouds (4)
 K - a wand of random effects (54)
 O - a wand of polymorph (6)
Scrolls
 d - 3 scrolls of holy word
 i - 4 scrolls of identify
 m - a scroll of enchant weapon
 o - a scroll of noise {!r!r}
 r - 6 scrolls of remove curse
 t - 4 scrolls of teleportation
 u - a scroll of magic mapping
 v - 4 scrolls of fear
 x - 3 scrolls of blinking
 y - 2 scrolls of random uselessness
 z - 4 scrolls of amnesia
 G - 3 scrolls of brand weapon
 H - 2 scrolls of fog
Potions
 e - 3 potions of mutation {!q}
 g - 5 potions of brilliance
 l - a potion of cancellation
 q - 2 potions of flight
 s - a potion of might
 w - 2 potions of stabbing
 A - a potion of invisibility
 E - 3 potions of lignification {!q}
Miscellaneous
 N - a lightning rod (4/4)
Comestibles
 D - 10 rations


   Skills:
 + Level 10.7 Fighting
 - Level 2.0 Short Blades
 - Level 7.7 Dodging
 - Level 1.7 Stealth
 - Level 5.2 Shields
 + Level 6.8 Spellcasting
 - Level 8.1 Conjurations
 - Level 5.0 Fire Magic
 - Level 8.2 Ice Magic
 - Level 5.0 Earth Magic
 + Level 5.5 Evocations


You had 8 spell levels left.
You knew the following spells:

 Your Spells              Type           Power        Failure   Level  Hunger
a - Freeze                Ice            ####         1%          1    None
b - Frozen Ramparts       Ice            #####.       1%          3    None
c - Ozocubu's Armour      Chrm/Ice       ####....     4%          3    None
d - Hailstorm             Conj/Ice       #####...     1%          4    ###....
e - Bolt of Magma         Conj/Fire/Erth ####......   5%          5    #####..

Your spell library contained the following spells:

 Spells                   Type           Power        Failure   Level  Hunger
 Starburst                Conj/Fire      #####.....   22%         6    ######.
 Animate Skeleton         Necr           N/A          9%          1    None
 Apportation              Tloc           #.....       9%          1    None
 Corona                   Hex            #......      9%          1    None
 Summon Small Mammal      Summ           #...         9%          1    None
 Song of Slaying          Chrm           #.......     13%         2    None
 Summon Ice Beast         Ice/Summ       ####....     16%         4    ###....
 Spectral Weapon          Hex/Chrm       #.......     26%         3    None
 Vampiric Draining        Necr           #.........   26%         3    None
 Yara's Violent Unravell  Hex/Tmut       #.........   50%         5    #####..
 Cause Fear               Hex            #.........   63%         4    ###....
 Excruciating Wounds      Chrm/Necr      #.........   93%         5    #####..
 Silence                  Hex/Air        #.........   93%         5    #####..
 Simulacrum               Ice/Necr       ####......   94%         6    ######.
 Discord                  Hex            #.........   100%        8    #######


Dungeon Overview and Level Annotations

Branches:
Dungeon (11/15)            Temple (1/1) D:4            Lair (4/6) D:8
 Shoals (0/4) Lair:3       Spider (0/4) Lair:2          Orc (0/2) D:10
Ossuary (visited)

Altars:
Ashenzari
Cheibriados
Dithmenos
Elyvilon
Fedhas
Gozag
Hepliaklqana
Kikubaaqudgha
Makhleb
Nemelex Xobeh
Okawaru
Qazlal
Ru
Sif Muna
Trog
Uskayaw
Vehumet
Wu Jian
Xom
Yredelemnul
Zin
The Shining One

Shops:
D:4 (

Annotations:
D:3 Grinder
Lair:3 2 transporters
Lair:4 Sonja


Innate Abilities, Weirdness & Mutations

((You have hooves in place of feet.))
((You are mostly covered in slimy green scales. (AC +3)))
You are significantly more attuned to the shadows.
((You are mostly covered in sharp spines.))
((You have a pair of small antennae on your head.))
You are agile. (Dex +2)
You have an increased reservoir of magic. (+10% MP)
((You are covered in fur. (AC +1)))


Message History

Confirm with . or Enter, or press ? or * to list all spells.
Aiming: Bolt of Magma (dangerous; 5% risk of failure)
Press: ? - help, Shift-Dir - straight line, f - raiju
Aim: a raiju The bolt of magma hits the raiju!
The raiju is moderately wounded.
The raiju bites you.
* * * LOW HITPOINT WARNING * * *
The raiju shocks you!
* * * LOW HITPOINT WARNING * * *
Casting: Bolt of Magma (dangerous; 5% risk of failure)
Confirm with . or Enter, or press ? or * to list all spells.
The walls around you are covered in ice.
The wall freezes the raiju!
The raiju bites you but does no damage.
You barely miss the raiju.
The raiju is severely wounded.
The wall freezes the raiju!
The raiju bursts into living lightning!
The living lightning hits you!!
You die...

#.h #.{ # #
# # # # . #
## # .. . .
. .. # .. ##
## #. ...
.#... # §##.
...
######.†.. #
#..♣.#.
#..h.......#
#...##..#..
. ###.
..##.. . .
.#. # .# .
.#


You could see a raiju.

Vanquished Creatures
  A tentacled starspawn (Abyss:3)
  Fannar (Lair:2)
  4 hydras
  3 death yaks (D:8)
  2 thrashing horrors (Abyss:3)
  A soul eater (Abyss:3)
  Pikel (D:7)
  2 large abominations (Abyss:3)
  A merfolk siren (Lair:3)
  A gargoyle (D:10)
  An orange demon (Abyss:3)
  2 spiny frogs
  2 komodo dragons
  An ancient zyme (Abyss:3)
  A meliai (shapeshifter) (D:10)
  A troll (D:11)
  A polar bear (D:10)
  8 blink frogs (Lair:2)
  A hornet (D:8)
  A raiju (Abyss:3)
  4 hippogriffs
  2 wyverns
  25 yaks
  2 hungry ghosts (D:9)
  2 basilisks
  5 porcupines
  2 water moccasins
  3 orc warriors
  An eye of draining (D:9)
  6 ice beasts
  A black bear (D:10)
  2 sky beasts
  2 necrophages
  2 slaves (D:7)
  5 ogres
  A phantom (D:5)
  A wolf (D:10)
  3 centaurs
  6 crocodiles
  An elf zombie (Ossuary)
  5 bullfrogs
  A gnoll sergeant (D:11)
  A scorpion (D:8)
  20 killer bees
  4 howler monkeys
  3 wights (D:6)
  An electric eel (D:10)
  6 jellies
  A centaur zombie (Ossuary)
  3 crimson imps
  A bullfrog zombie (D:5)
  2 quasits
  2 human zombies (Ossuary)
  2 centaur skeletons
  4 hounds
  7 orc priests
  A water moccasin simulacrum (D:10)
  2 bullfrog skeletons
  A gnoll shaman (D:7)
  A hell rat (D:8)
  3 iguanas
  8 orc wizards
  6 worker ants
  2 big kobold zombies (Ossuary)
  2 mummies (Ossuary)
  Robin (D:4)
  6 gnolls
  2 river rats (D:8)
  10 adders
  A white imp (D:10)
  3 ufetubi (D:10)
  6 oozes
  3 adder zombies (Ossuary)
  2 worms
  2 dart slugs
  3 leopard geckos
  29 orcs
  2 ball pythons
  9 giant cockroaches
  16 goblins
  10 hobgoblins
  13 jackals
  10 quokkas
  6 bats
  5 frilled lizards
  A goblin zombie (Ossuary)
  7 hobgoblin zombies (Ossuary)
  A jackal zombie (Ossuary)
  5 kobolds
  9 kobold zombies (Ossuary)
  9 orc zombies (Ossuary)
  A quokka zombie (D:7)
  9 rats
  A rat zombie (Ossuary)
383 creatures vanquished.

Vanquished Creatures (collateral kills)
  A phantom (D:6)
1 creature vanquished.

Vanquished Creatures (others)
  A centaur simulacrum (D:10)
  A slave (D:7)
  3 howler monkeys (D:7)
  An adder (D:7)
  A fungus (Lair:4)
  A plant (Lair:4)
  2 starspawn tentacles (Abyss:3)
10 creatures vanquished.

Grand Total: 394 creatures vanquished

Notes
Turn   | Place    | Note
-------+----------+-------------------------------------------
     0 | D:1      | Aviak the Demonspawn Ice Elementalist began the quest for
                  | the Orb.
     0 | D:1      | Reached XP level 1. HP: 13/13 MP: 3/3
   352 | D:1      | Gained mutation: You are partially covered in slimy green
                  | scales. (AC +2) [demonic ancestry]
   352 | D:1      | Reached XP level 2. HP: 20/20 MP: 5/5
   524 | D:1      | Reached skill level 1 in Fighting
  1388 | D:1      | Reached XP level 3. HP: 26/26 MP: 3/6
  1721 | D:2      | Found a faded altar of an unknown god.
  1750 | D:2      | Found a sacrificial altar of Ru.
  2073 | D:2      | Found a glowing golden altar of the Shining One.
  2619 | D:3      | Reached skill level 2 in Fighting
  2619 | D:3      | Gained mutation: You are slightly more attuned to the
                  | shadows. [demonic ancestry]
  2619 | D:3      | Reached XP level 4. HP: 33/33 MP: 5/8
  2645 | D:3      | Gained mutation: Your muscles are strong. (Str +2) [potion
                  | of mutation]
  2645 | D:3      | Lost mutation: Your muscles are strong. (Str +2) [potion of
                  | mutation]
  2645 | D:3      | Gained mutation: You tend to lose your temper in combat.
                  | [potion of mutation]
  2645 | D:3      | Gained mutation: You have an increased reservoir of magic.
                  | (+10% MP) [potion of mutation]
  2668 | D:3      | Lost mutation: You tend to lose your temper in combat.
                  | [potion of mutation]
  2668 | D:3      | Gained mutation: You are mostly covered in slimy green
                  | scales. (AC +3) [potion of mutation]
  2668 | D:3      | Gained mutation: You have a pair of small antennae on your
                  | head. [potion of mutation]
  2668 | D:3      | Gained mutation: You are covered in fur. (AC +1) [potion of
                  | mutation]
  2668 | D:3      | Gained mutation: You are agile. (Dex +2) [potion of
                  | mutation]
  2686 | D:3      | Learned a level 3 spell: Frozen Ramparts
  2690 | D:3      | Learned a level 3 spell: Ozocubu's Armour
  2979 | D:3      | Noticed Grinder
  3385 | D:4      | Gained mutation: You have large cloven feet. [demonic
                  | ancestry]
  3385 | D:4      | Reached XP level 5. HP: 38/39 MP: 10/10
  3464 | D:4      | Reached skill level 3 in Fighting
  3784 | D:4      | Reached XP level 6. HP: 34/47 MP: 9/12
  3897 | D:4      | Found Coretwib's Antique Weapon Emporium.
  3899 | D:4      | Noticed Robin
  3908 | D:4      | Reached skill level 1 in Short Blades
  3916 | D:4      | Killed Robin
  3917 | D:4      | Reached skill level 5 in Ice Magic
  4092 | D:4      | Found a staircase to the Ecumenical Temple.
  4109 | Temple   | Entered the Ecumenical Temple
  4370 | Temple   | Became a worshipper of Vehumet
  4641 | D:3      | Paralysed by Grinder for 7 turns
  4660 | D:3      | Paralysed by Grinder for 4 turns
  4872 | D:5      | Entered Level 5 of the Dungeon
  4884 | D:5      | Reached XP level 7. HP: 41/52 MP: 8/14
  5099 | D:5      | Found a glowing golden altar of the Shining One.
  6247 | D:6      | Gained mutation: You are significantly more attuned to the
                  | shadows. [demonic ancestry]
  6247 | D:6      | Reached XP level 8. HP: 42/58 MP: 15/15
  6475 | D:6      | Learned a level 4 spell: Hailstorm
  6757 | D:6      | Reached * piety under Vehumet
  6757 | D:6      | Offered knowledge of Shock by Vehumet.
  6964 | D:7      | Reached skill level 1 in Conjurations
  7296 | D:7      | Reached skill level 4 in Fighting
  7320 | D:7      | Found a sacrificial altar of Ru.
  7779 | D:7      | Noticed Pikel
  7802 | D:7      | Killed Pikel
  7802 | D:7      | Reached skill level 5 in Fighting
  7802 | D:7      | Gained mutation: You have hoof-like feet. [demonic
                  | ancestry]
  7802 | D:7      | Reached XP level 9. HP: 48/67 MP: 14/16
  8101 | D:8      | Found a sand-covered staircase.
  8190 | Ossuary  | Entered an ossuary
  8232 | Ossuary  | Reached ** piety under Vehumet
  8246 | Ossuary  | Offered knowledge of Magic Dart by Vehumet.
  8418 | Ossuary  | Offered knowledge of Conjure Flame by Vehumet.
  8635 | D:8      | Noticed a death yak
  8637 | D:8      | Found a staircase to the Lair.
  8639 | D:8      | Noticed a death yak
  8685 | D:8      | Killed a death yak
  8685 | D:8      | Reached skill level 6 in Fighting
  8685 | D:8      | Reached skill level 5 in Dodging
  8685 | D:8      | Reached skill level 5 in Conjurations
  8701 | D:8      | Reached *** piety under Vehumet
  8823 | D:8      | Noticed a death yak
  8893 | D:8      | Killed a death yak
  8893 | D:8      | Reached skill level 7 in Fighting
  8893 | D:8      | Gained mutation: You have hooves in place of feet. [demonic
                  | ancestry]
  8893 | D:8      | Reached XP level 10. HP: 20/79 MP: 13/17
  8895 | D:8      | Killed a death yak
  9549 | D:9      | Offered knowledge of Airstrike by Vehumet.
  9903 | D:9      | Reached skill level 8 in Fighting
 10341 | D:10     | Entered Level 10 of the Dungeon
 10359 | D:10     | Reached **** piety under Vehumet
 11021 | D:10     | Noticed a gargoyle
 11030 | D:10     | Killed a gargoyle
 11157 | D:10     | Offered knowledge of Bolt of Magma by Vehumet.
 11157 | D:10     | Gained mutation: You are partially covered in sharp spines.
                  | [demonic ancestry]
 11157 | D:10     | Reached XP level 11. HP: 69/87 MP: 18/18
 11291 | D:10     | Got a brightly glowing buckler
 11297 | D:10     | Identified the -3 buckler "Plog" {rN+ MR+ Dex-2} (You found
                  | it on level 10 of the Dungeon)
 11303 | D:10     | Learned a level 5 spell: Bolt of Magma
 11610 | D:10     | Reached skill level 1 in Shields
 11610 | D:10     | Reached skill level 1 in Earth Magic
 11621 | D:10     | Reached skill level 1 in Fire Magic
 11761 | D:10     | Reached skill level 9 in Fighting
 11900 | D:10     | Reached ***** piety under Vehumet
 12239 | D:10     | Found a staircase to the Orcish Mines.
 12300 | D:11     | Offered knowledge of Starburst by Vehumet.
 12447 | D:11     | HP: 4/133 [yak (5)]
 13008 | D:11     | Noticed a skeletal warrior
 13021 | D:11     | Noticed a skeletal warrior
 13023 | D:11     | Noticed a skeletal warrior
 13029 | D:11     | Noticed a skeletal warrior
 13291 | Lair:1   | Entered Level 1 of the Lair of Beasts
 13492 | Lair:1   | Identified the Handbook of Black Arts and Boosts
 13857 | Lair:1   | Noticed a four-headed hydra
 13890 | Lair:1   | Killed a four-headed hydra
 14514 | Lair:2   | Noticed an eight-headed hydra
 14548 | Lair:2   | Killed an eight-headed hydra
 14548 | Lair:2   | Gained mutation: You are mostly covered in sharp spines.
                  | [demonic ancestry]
 14548 | Lair:2   | Reached XP level 12. HP: 40/95 MP: 1/19
 14810 | Lair:2   | Reached skill level 5 in Shields
 14810 | Lair:2   | Reached skill level 5 in Fire Magic
 14810 | Lair:2   | Reached skill level 5 in Earth Magic
 15169 | Lair:2   | Noticed Fannar
 15178 | Lair:2   | Killed Fannar
 15178 | Lair:2   | Reached skill level 1 in Evocations
 15458 | Lair:2   | Found a hole to the Spider Nest.
 15580 | Lair:2   | Found a shattered altar of Ashenzari.
 15699 | Lair:2   | Reached skill level 5 in Spellcasting
 16351 | Lair:3   | Noticed a four-headed hydra
 16373 | Lair:3   | Killed a four-headed hydra
 16996 | Lair:3   | Found a staircase to the Shoals.
 17203 | Lair:3   | Noticed a purple very ugly thing
 17205 | Lair:3   | Noticed a hell hog
 17232 | Lair:3   | Identified the +1 trident "Ozihusof" {distort, rElec rC+
                  | Int+4}
 17238 | Lair:3   | Found a transporter.
 17240 | Lair:3   | Found a transporter.
 17251 | Lair:3   | Noticed a hell hog
 17390 | Lair:4   | Noticed a five-headed hydra
 17417 | Lair:4   | Killed a five-headed hydra
 17417 | Lair:4   | Reached skill level 10 in Fighting
 17495 | Lair:4   | Noticed Sonja
 17497 | Lair:4   | Cast into level 2 of the Abyss (Sonja)
 17524 | Abyss:2  | Noticed a naga warrior
 17710 | Abyss:3  | Noticed a tentacled starspawn
 17717 | Abyss:3  | Killed a tentacled starspawn
 17717 | Abyss:3  | Reached skill level 5 in Evocations
 18062 | Abyss:3  | Found a corrupted altar of Lugonu.
 18178 | Abyss:3  | HP: 5/148 [raiju (8)]
 18180 | Abyss:3  | Killed from afar by a raiju

Illustrated notes

Levels and vault maps discovered:
D:1:      tarquinn_simple_flora_water_a, layout_loops_corners, corner_web_ring
D:2:      layout_loops_ring, nicolae_tso_carved_into_rock,
          chequers_ecumenical_altar_simple, first_ration,
          hangedman_feature_mirror, nicolae_ru_path_of_blood
D:3:      layout_basic, uniq_grinder
D:4:      layout_rooms, minmay_temple_entry_proselytizer, serial_shops, shop,
          uniq_robin
D:5:      layout_loops_cross, basic_altar, eino_tiny_chamber
D:6:      layout_cave_pools
D:7:      layout_basic, basic_altar, uniq_pikel
D:8:      layout_rooms, dpeg_lair_monsters, enter_ossuary_1
D:9:      layout_loops_ring
D:10:     layout_basic, orc_0_dummy, serial_ice, serial_ice_i, serial_ice_h,
          serial_ice_f, serial_ice_a, chequers_serial_rivers_micro_a,
          hangedman_little_slice_of_home
D:11:     layout_basic
Temple:   compressed_dpeg_triangle_lava_temple
Lair:1:   layout_hall_layers
Lair:2:   layout_layer_cave, spider_nest_entry_web_field, basic_altar,
          grunt_megastairs_4, uniq_fannar
Lair:3:   layout_chaotic_city, minmay_shoals_entry_lonely_mermaid,
          serial_forest, infiniplex_forest_straight_4,
          infiniplex_forest_straight_4, infiniplex_forest_lined_1,
          infiniplex_forest_lined_room_3, infiniplex_forest_zigzag_1,
          infiniplex_forest_clump_small, infiniplex_forest_lined_corner,
          infiniplex_forest_clump_medium, infiniplex_forest_clump_double,
          gammafunk_ghost_abyssal_escape, minmay_stone_trees_small
Lair:4:   layout_roguey, uniq_sonja
Abyss:3:  base: D:9, hangedman_abyss_rune_macabre_mess, evilmike_abyss_exit_5,
          minivault_11, grunt_abyss_rune_wretched_hive,
          hangedman_stitches_earthworm, nicolae_abyss_rune_star_stuff

Skill      XL: |  1  2  3  4  5  6  7  8  9 10 11 12 |
---------------+-------------------------------------+-----
Fighting       | 1 2 3 5 7 8 9 10 | 10.7
Ice Magic      | 4 5 7 8 |  8.2
Spellcasting   | 3 4 6 |  6.8
Short Blades   | 2 |  2.0
Dodging        | 4 6 7 |  7.7
Conjurations   | 3 6 8 |  8.1
Shields        | 4 5 |  5.2
Earth Magic    | 4 5 |  5.0
Fire Magic     | 4 5 |  5.0
Evocations     | 5 |  5.5
Stealth        | |  1.7

Action                   |  1- 3 |  4- 6 |  7- 9 | 10-12 || total
-------------------------+-------+-------+-------+-------++-------
Melee: Unarmed           |     5 |       |       |       ||     5
       Short sword       |    40 |       |       |       ||    40
       Dagger            |    47 |   135 |   415 |   444 ||  1041
       Kick              |       |    21 |   132 |   114 ||   267
 Cast: Freeze            |    24 |    13 |       |     3 ||    40
       Frozen Ramparts   |       |    10 |    31 |    57 ||    98
       Ozocubu's Armour  |       |     1 |     5 |     4 ||    10
       Bolt of Magma     |       |       |       |    29 ||    29
Evoke: Wand              |       |       |     5 |     2 ||     7
  Use: Potion            |       |    10 |     1 |    10 ||    21
       Scroll            |       |     1 |     4 |    13 ||    18
 Stab: Sleeping          |     4 |     4 |    15 |    18 ||    41
       Distracted        |       |       |       |     1 ||     1
  Eat: Chunk             |     5 |     3 |     8 |    16 ||    32
       Ration            |       |     2 |     2 |    10 ||    14
Armor: Robe              |    35 |     8 |       |       ||    43
       Leather armour    |       |    47 |   106 |   101 ||   254
       Skin              |       |       |       |    13 ||    13
Dodge: Dodged            |    75 |    78 |   239 |   320 ||   712
Block: Other             |       |       |    57 |    41 ||    98
       Buckler           |       |       |       |   116 ||   116
